 Dungeon Crawl Stone Soup version 0.29.0-4-gdea44cf6ec (webtiles) character file.

Game seed: 4063009369652346035

4 qw the Caller (level 1, -1/14 HPs)
             Began as a Ghoul Summoner on Sept 10, 2022.
             Slain by a jackal (2 damage)
             ... on level 1 of the Dungeon.
             The game lasted 00:00:07 (487 turns).

qw the Caller (Ghoul Summoner)                       Turns: 487, Time: 00:00:08

Health: -1/14      AC:  2    Str: 11    XL:     1   Next: 70%
Magic:  0/2        EV: 12    Int: 10    God:
Gold:   0          SH:  0    Dex:  9    Spells: 2/3 levels left

rFire   . . .      SeeInvis .   c - +0 club
rCold   + . .      Faith    .   (no shield)
rNeg    + + +      Spirit   .   a - +0 robe
rPois   inf        Reflect  .   (no helmet)
rElec   .          Harm     .   (no cloak)
rCorr   .          Rampage  .   (no gloves)
Will    .....                   (no boots)
Stlth   ++........              (no amulet)
HPRegen 0.00/turn               (no ring)
MPRegen 0.08/turn               (no ring)

@: inhibited regen
A: claws 1, cold resistance 1, negative energy resistance 3, inhibited
regeneration, torment resistance 2, devour on kill
a: no special abilities


You were on level 1 of the Dungeon.
You visited 1 branch of the dungeon, and saw 1 of its levels.


Innate Abilities, Weirdness & Mutations

You are immune to poison.
You have sharp fingernails.
Your flesh is cold resistant. (rC+)
You are immune to negative energy. (rN+++)
You do not regenerate when monsters are visible.
You are immune to unholy pain and torment.
You thrive by killing the living.


   Skills:
 + Level 0.2 Fighting
 - Level 1.0 Axes
 - Level 1.7 Dodging
 - Level 2.1 Stealth
 - Level 1.7 Spellcasting
 - Level 3.6 Summonings


You had 2 spell levels left.
You knew the following spells:

 Your Spells              Type           Power      Damage    Failure   Level
a - Summon Small Mammal   Summ           32%        N/A       8%          1

Your spell library contained the following spells:

 Spells                   Type           Power      Damage    Failure   Level
 Call Imp                 Summ           8%         N/A       11%         2
 Call Canine Familiar     Summ           8%         N/A       22%         3
 Summon Guardian Golem    Hex/Summ       4%         N/A       43%         3
 Summon Lightning Spire   Summ/Air       4%         N/A       83%         4

Inventory:

Hand Weapons
 c - a +0 club (weapon)
Armour
 a - a +0 robe (worn)
Potions
 b - a potion of magic
 d - 2 potions of curing {unknown}

Dungeon Overview and Level Annotations

Branches:
Dungeon (1/15)

Altars:


Message History

The jackal moves out of view.
A bat comes into view.
Your rat bites the jackal.
The jackal barely misses your rat. The jackal closely misses your rat.
A dart slug comes into view.
Your rat bites the jackal but does no damage.
The jackal bites your rat but does no damage.
The jackal bites your rat. The bat hits you but does no damage.
The jackal bites your rat.
Your rat dies!
Your rat's corpse disappears in a puff of smoke!
You hit the bat.
You kill the bat!
You closely miss the jackal.
The jackal is severely wounded.
The jackal bites you.
483 ||| CASTING Summon Small Mammal
Casting: Summon Small Mammal (safe; 8% risk of failure)
Confirm with . or Enter, or press ? or * to list all spells.
The jackal barely misses you. x2; The jackal closely misses you. x2
You barely miss the jackal.
The jackal is severely wounded.
The jackal bites you. The jackal closely misses you. x2
The jackal barely misses you. The jackal bites you.
You closely miss the jackal.
The jackal is heavily wounded.
The jackal barely misses you. The jackal bites you.
The jackal bites you but does no damage.
Your rat closely misses the jackal.
The jackal completely misses you.
You hit the jackal but do no damage.
The jackal is heavily wounded.
The jackal bites you but does no damage.
The jackal barely misses you.
Your rat barely misses the jackal.
The jackal closely misses you. The jackal bites you. x2
You closely miss the jackal.
The jackal is heavily wounded.
The jackal barely misses you. x2; The jackal closely misses you.
Your rat bites the jackal but does no damage.
The jackal bites you. The jackal barely misses you. The jackal bites you.
You die...

#....##.#.......# #
##...##.#.......# ##
#...##.........# #.
##...#.#.......###.
#...###.........#.
##....#####.###..## .
#.....# #.# #..##
....##h..._# #.###..##
.....wh@...# #........
......hr...# ####....#..
.....#....## #.......##.
..#.##....#....##...###.
... #...#######........
.. #...# #.......... .
...## #..##...... ...#
#####.....# ####'####


You could see a dart slug, 3 jackals and a friendly rat (summoned).

Vanquished Creatures
  A goblin (D:1)
  A quokka (D:1)
  A bat (D:1)
  2 rats (D:1)
5 creatures vanquished.

Notes
Turn   | Place    | Note
-------+----------+-------------------------------------------
     0 | D:1      | qw the Ghoul Summoner began the quest for the Orb.
     0 | D:1      | Reached XP level 1. HP: 14/14 MP: 2/2
     0 | D:1      | 0 ||| qw: Version: 0.1-a-116-g5d60599
     0 | D:1      | 0 ||| qw: Game counter: 7583
     0 | D:1      | 0 ||| qw: Always use a shield: true
     0 | D:1      | 0 ||| qw: God list: Okawaru
     0 | D:1      | 0 ||| qw: Allow faded altars: false
     0 | D:1      | 0 ||| qw: Do Orc after D:15 true
     0 | D:1      | 0 ||| qw: Do second Lair branch before Depths: true
     0 | D:1      | 0 ||| qw: Lair rune preference: random
     0 | D:1      | 0 ||| qw: Plans: Normal
     0 | D:1      | 0 ||| PLANNING D:1-11
    52 | D:1      | 52 ||| CASTING Summon Small Mammal
    53 | D:1      | 53 ||| CASTING Summon Small Mammal
    65 | D:1      | 65 ||| CASTING Summon Small Mammal
    65 | D:1      | HP: 2/14 [quokka (5)]
   372 | D:1      | 372 ||| CASTING Summon Small Mammal
   373 | D:1      | 373 ||| CASTING Summon Small Mammal
   384 | D:1      | 384 ||| CASTING Summon Small Mammal
   395 | D:1      | Reached skill level 1 in Axes
   440 | D:1      | 440 ||| Wielding weapon +0 club.
   462 | D:1      | Found a faded altar of an unknown god.
   470 | D:1      | 470 ||| CASTING Summon Small Mammal
   471 | D:1      | 471 ||| CASTING Summon Small Mammal
   483 | D:1      | 483 ||| CASTING Summon Small Mammal
   487 | D:1      | HP: 1/14 [jackal (3)]
   487 | D:1      | Slain by a jackal

Levels and vault maps discovered:
D:1:      psy_arrival_terrarium, layout_rooms, serial_shops, shop,
          hellmonk_ecumenical_altar_zigzags

Skill      XL: |  1 |
---------------+----+-----
Axes           | 1 |  1.0
Fighting       | |  0.2
Dodging        | |  1.7
Stealth        | |  2.1
Spellcasting   | |  1.7
Summonings     | |  3.6

Action                   || total
-------------------------++-------
Melee: Unarmed           ||    15
       Club              ||     6
 Cast: Summon Small Mamm ||     9
Armor: Robe              ||     5
Dodge: Dodged            ||    23

Table legend:
 A = Non-vault XP
 B = Vault XP
 C = Vault XP percentage of total XP
 D = Non-vault monster count
 E = Vault monster count
 F = Vault count percentage of total count
                 A         B        C        D         E       F
            +---------+---------+-------+---------+---------+-------
      Total |       7 |       0 |   0.0 |       5 |       0 |   0.0
            +---------+---------+-------+---------+---------+-------
        D:1 |       7 |       0 |   0.0 |       5 |       0 |   0.0
            +---------+---------+-------+---------+---------+-------
